 Dungeon Crawl Stone Soup version 0.29-a0-8-g0446c0dae4 (webtiles) character file.

Game seed: 2369738582167748785

1429 lunkers the Fighter (level 8, -3/75 HPs)
             Began as a Minotaur Hunter on Jan 27, 2022.
             Slain by an orc warrior (21 damage)
             ... on level 5 of the Dungeon.
             The game lasted 00:06:27 (6298 turns).

lunkers the Fighter (Minotaur Hunter)               Turns: 6298, Time: 00:06:27

Health: -3/75      AC:  9    Str: 18    XL:     8   Next: 44%
Magic:  7/7        EV:  7    Int:  8    God:
Gold:   140        SH:  0    Dex: 12    Spells: 7/7 levels left

rFire   . . .      SeeInvis +   b - +1 war axe (vorpal)
rCold   . . .      Faith    .   (no shield)
rNeg    . . .      Spirit   .   j - +0 chain mail
rPois   .          Reflect  .   (helmet restricted)
rElec   .          Harm     .   p - +0 cloak
rCorr   +          Rampage  .   (no gloves)
Will    .....                   (no boots)
Stlth   ..........              (no amulet)
HPRegen 0.22/turn               g - ring of resist corrosion
MPRegen 0.10/turn               s - ring of see invisible

@: no status effects
A: horns 2, retaliatory headbutt
a: no special abilities


You were on level 5 of the Dungeon.
You visited 1 branch of the dungeon, and saw 5 of its levels.

You collected 140 gold pieces.

Inventory:

Hand Weapons
 a - a +1 shortbow
 b - a +1 vorpal war axe (weapon)
 x - a +0 short sword
 y - a +1 mace of draining
 A - a +2 flail of draining
Missiles
 k - 26 arrows
Armour
 c - a +0 leather armour
 j - a +0 chain mail (worn)
 p - a +0 cloak (worn)
Jewellery
 g - a ring of resist corrosion (left hand)
 q - a ring of ice
 s - a ring of see invisible (right hand)
Wands
 l - a wand of flame (28)
 u - a wand of polymorph (11)
Scrolls
 d - 2 scrolls of teleportation {unknown}
 e - a scroll of fear {unknown}
 h - 3 scrolls of amnesia {unknown}
 m - a scroll of noise {unknown}
 o - a scroll of enchant weapon {unknown}
 r - 3 scrolls of vulnerability {unknown}
 v - 2 scrolls of immolation {unknown}
 w - 2 scrolls of magic mapping {unknown}
 B - 2 scrolls of identify
Potions
 f - a potion of lignification
 i - 2 potions of invisibility
 n - 2 potions of ambrosia
 t - a potion of flight
 z - a potion of curing {unknown}


   Skills:
 + Level 8.7 Fighting
 * Level 0.1(3.7) Axes
 - Level 6.0(6.1) Maces & Flails
 - Level 7.7 Bows
 - Level 2.1 Dodging
 - Level 0.7 Stealth


You had 7 spell levels left.
You didn't know any spells.
Your spell library contained the following spells:

 Spells                   Type           Power      Damage    Failure   Level
 Freeze                   Ice            0%         1d3       100%        1
 Frozen Ramparts          Ice            0%         1d2       100%        3
 Ignite Poison            Fire/Tmut/Pois 0%         N/A       100%        3
 Mephitic Cloud           Conj/Pois/Air  0%         N/A       100%        3
 Hailstorm                Conj/Ice       0%         3d3       100%        4
 Freezing Cloud           Conj/Ice/Air   0%         6-21      100%        5


Dungeon Overview and Level Annotations

Branches:
Dungeon (5/15)
 Temple: D:4-7

Altars:
Fedhas
Xom

Shops:
D:1 !


Innate Abilities, Weirdness & Mutations

You have a pair of horns on your head.
You reflexively headbutt those who attack you in melee.


Message History

The orc warrior hits you with a +0 battleaxe!
There is an open door, spattered with blood here.
You barely miss the orc warrior. You headbutt the orc warrior.
The orc warrior is lightly wounded.
You hit the orc.
The orc hits you with a +0 whip of venom.
You are poisoned.
The orc warrior hits you with a +0 battleaxe!
You hit the orc. You headbutt the orc.
You kill the orc!
You hit the orc warrior. You hit the orc but do no damage.
You feel very sick.
The orc warrior hits you with a +0 battleaxe!
* * * LOW HITPOINT WARNING * * *
The orc closely misses you. The quokka closely misses you.
You furiously retaliate!
You headbutt the quokka!
You kill the quokka!
The orc warrior closely misses you. You furiously retaliate!
You headbutt the orc warrior!
You feel sick.
You slash the orc!
You kill the orc!
You feel sick.
You barely miss the orc warrior.
The orc warrior is heavily wounded.
You feel sick.
The orc warrior hits you with a +0 battleaxe.
* * * LOW HITPOINT WARNING * * *
You barely miss the orc warrior. You headbutt the orc warrior.
The orc warrior is severely wounded.
You feel sick. The orc warrior closely misses you.
The orc warrior hits you with a +0 battleaxe.
* * * LOW HITPOINT WARNING * * *
You hit the orc warrior.
You headbutt the orc warrior, but do no damage.
The orc warrior is severely wounded.
You feel sick.
You are no longer poisoned.
The orc warrior hits you with a +0 battleaxe!!
You die...

.#
#..###.########.#.........
.# #...##.# #.#########.
.# #.#.##.# #.# #. .#
#.#.##.# #+## #. .#####
#..<...# #>..# ## .....#
###.#### #.>... ## #.##.#
#.#.## #...... ##.
#.##.#####....####.......
###..
................@o).....>
.....
.....#####....####.......
###### #.#.## #...... #
#..## #..... # ##.# #...#
# #.# #+## #.# #.#
#####.##### ###.#####
#......)..# #.......#


You could see an orc warrior.

Vanquished Creatures
  Grinder (D:3)
  Sigmund (D:3)
  Eustachio (D:4)
  Edmund (D:4)
  An orc warrior (D:5)
  An ogre (D:5)
  Blork the orc (D:4)
  A scorpion (D:5)
  A jelly (D:5)
  An orc priest (D:5)
  4 hounds
  A gnoll shaman (D:3)
  Ijyb (D:4)
  An orc wizard (D:5)
  Robin (D:2)
  6 adders
  9 gnolls
  2 worms
  2 dart slugs
  8 orcs
  6 bats
  5 endoplasms
  2 giant cockroaches
  10 goblins
  7 hobgoblins
  8 jackals (D:1)
  4 quokkas
  11 ball pythons
  7 frilled lizards
  11 kobolds
  4 rats
120 creatures vanquished.

Notes
Turn   | Place    | Note
-------+----------+-------------------------------------------
     0 | D:1      | lunkers the Minotaur Hunter began the quest for the Orb.
     0 | D:1      | Reached XP level 1. HP: 18/18 MP: 0/0
   314 | D:1      | Reached skill level 3 in Fighting
   314 | D:1      | Reached XP level 2. HP: 26/26 MP: 1/1
   368 | D:1      | Found Bovve's Distillery.
   657 | D:1      | Reached skill level 5 in Bows
   657 | D:1      | Reached XP level 3. HP: 30/31 MP: 2/2
  1145 | D:2      | Found a shimmering altar of Xom.
  1305 | D:2      | Reached skill level 4 in Fighting
  1380 | D:2      | Reached XP level 4. HP: 39/40 MP: 3/3
  1670 | D:2      | Noticed Robin
  1717 | D:2      | Killed Robin
  2624 | D:2      | Reached XP level 5. HP: 47/47 MP: 4/4
  3074 | D:3      | Found a blossoming altar of Fedhas.
  3074 | D:3      | Noticed Sigmund
  3091 | D:3      | Killed Sigmund
  3092 | D:3      | Reached skill level 5 in Fighting
  3092 | D:3      | Reached XP level 6. HP: 41/57 MP: 5/5
  3253 | D:3      | Noticed Grinder
  3257 | D:3      | Paralysed by Grinder for 4 turns
  3275 | D:3      | Paralysed by Grinder for 2 turns
  3277 | D:3      | Killed Grinder
  3278 | D:3      | Reached skill level 6 in Fighting
  3599 | D:3      | Reached XP level 7. HP: 64/64 MP: 6/6
  3935 | D:4      | Noticed Ijyb
  4058 | D:4      | Killed Ijyb
  4063 | D:4      | Reached skill level 7 in Fighting
  4256 | D:4      | Noticed Blork the orc
  4283 | D:4      | Killed Blork the orc
  4484 | D:4      | Noticed Eustachio
  4485 | D:4      | Noticed Edmund
  4500 | D:4      | Killed Edmund
  4513 | D:4      | Killed Eustachio
  4514 | D:4      | Reached XP level 8. HP: 51/74 MP: 7/7
  4641 | D:4      | Reached skill level 8 in Fighting
  4903 | D:5      | Entered Level 5 of the Dungeon
  5228 | D:5      | Found a glowing drain.
  5281 | D:5      | Reached skill level 5 in Maces & Flails
  5472 | D:5      | HP: 5/112 [poisoned by an orc wizard]
  6298 | D:5      | Slain by an orc warrior

Illustrated notes

Levels and vault maps discovered:
D:1:      beargit_arrival_greenhouse, layout_rooms, serial_shops,
          nicolae_shop_crystal
D:2:      layout_basic, basic_altar, serial_park_tiny_pond, uniq_robin
D:3:      layout_basic, fedhas_altar_1, grunt_decor_junction, minmay_between,
          uniq_sigmund, uniq_grinder
D:4:      layout_loops_ring, uniq_ijyb, uniq_eustachio, uniq_blork_the_orc,
          uniq_edmund
D:5:      layout_loops_corners, cheibrodos_sewer_entry_bend, item_on_display_a

Skill      XL: |  1  2  3  4  5  6  7  8 |
---------------+-------------------------+-----
Fighting       | 3 4 5 6 7 8 |  8.7
Bows           | 5 6 7 |  7.7
Maces & Flails | 3 6 |  6.0
Axes           | |  0.1
Dodging        | |  2.1
Stealth        | |  0.7

Action                   |  1- 3 |  4- 6 |  7- 9 || total
-------------------------+-------+-------+-------++-------
Melee: Short sword       |    61 |   105 |    13 ||   179
       Headbutt          |     7 |    17 |    24 ||    48
       Punch             |       |     2 |     1 ||     3
       Mace              |       |       |    31 ||    31
       Flail             |       |       |    50 ||    50
       War axe           |       |       |     6 ||     6
 Fire: Shortbow          |    74 |     2 |    63 ||   139
  Use: Scroll            |       |       |     4 ||     4
       Potion            |       |       |     2 ||     2
Armor: Leather armour    |     1 |       |       ||     1
       Chain mail        |    54 |    48 |    60 ||   162
       Skin              |       |       |     4 ||     4
Dodge: Dodged            |    37 |    25 |    40 ||   102

Table legend: (Time is in decaauts)
 A = Elapsed time spent in this place.
 B = Non-inter-level travel time spent in this place.
 C = Inter-level travel time spent in this place.
 D = Time resting spent in this place.
 E = Time spent auto-exploring this place.
 F = Levels seen in this place.
 G = Mean time per level.
                   A        B        C        D        E       F      G
               +--------+--------+--------+--------+--------+-----+--------+
         Total |   6330 |   6194 |    136 |    216 |   4965 |   5 | 1266.0 |
       Dungeon |   6330 |   6194 |    136 |    216 |   4965 |   5 | 1266.0 |
               +--------+--------+--------+--------+--------+-----+--------+

Top non-repeatable levels by time:
     D:2: 1703 daAuts
     D:5: 1402 daAuts
     D:3: 1279 daAuts
     D:1: 1070 daAuts
     D:4: 875 daAuts
